 Dungeon Crawl Stone Soup version 0.26.1-11-gd32895ea62 (webtiles) character file.

Game seed: 10624105453498091299

64 MisterFreud the Ruffian (level 3, -3/36 HPs)
             Began as a Troll Monk on June 10, 2021.
             Slain by Sigmund
             ... wielding a +0 scythe
              (10 damage)
             ... on level 2 of the Dungeon.
             The game lasted 00:01:16 (803 turns).

MisterFreud the Ruffian (Troll Monk)                 Turns: 803, Time: 00:01:16

Health: -3/36      AC:  6    Str: 19    XL:     3   Next: 91%
Magic:  2/2        EV: 10    Int:  6    God:
Gold:   37         SH:  0    Dex: 13    Spells: 2/2 levels left

rFire    . . .     SeeInvis .     - Unarmed
rCold    . . .     Faith    .   (no shield)
rNeg     . . .     Spirit   .   a - +0 robe
rPois    .         Reflect  .   (helmet restricted)
rElec    .         Harm     .   (no cloak)
rCorr    .         Rampage  .   (gloves unavailable)
Will     .....                  (boots unavailable)
Stlth    ++........             (no amulet)
HPRegen  0.52/turn              (no ring)
MPRegen  0.08/turn              (no ring)

@: no status effects
A: large, unfitting armour, claws 3, regeneration 1, shaggy fur 1, tough skin 3
a: no special abilities


You were on level 2 of the Dungeon.
You visited 1 branch of the dungeon, and saw 2 of its levels.

You collected 37 gold pieces.

Inventory:

Armour
 a - a +0 robe (worn)
Jewellery
 g - an uncursed ring of see invisible {unknown}
Scrolls
 b - 3 scrolls of amnesia {unknown}
 d - a scroll of random uselessness {unknown}
 f - a scroll of fear {unknown}
 h - 2 scrolls of remove curse {unknown}
 i - a scroll of identify {unknown}
 j - a scroll of immolation {unknown}
 k - a scroll of teleportation {unknown}
Potions
 c - 2 potions of haste {unknown}
 e - 2 potions of curing {unknown}


   Skills:
 - Level 2.4 Fighting
 - Level 2.4 Dodging
 - Level 1.0 Stealth
 + Level 4.9 Unarmed Combat


You had 2 spell levels left.
You didn't know any spells.
Your spell library was empty.

Dungeon Overview and Level Annotations

Branches:
Dungeon (2/15)

Altars:
Okawaru

Annotations:
D:2 Sigmund


Innate Abilities, Weirdness & Mutations

You are too large for most types of armour.
You have claws for hands.
Your natural rate of healing is unusually fast.
You are covered in fur. (AC +1)
You have extremely tough skin. (AC +3)


Message History

The magic dart hits you.
You claw Sigmund!
Sigmund is moderately wounded.
Sigmund barely misses you.
You scratch Sigmund.
Sigmund is moderately wounded.
You claw Sigmund!
Sigmund is severely wounded.
Sigmund gestures at you while chanting. The puff of flame misses you.
You scratch Sigmund.
Sigmund is severely wounded.
Sigmund hits you with a +0 scythe!
* * * LOW HITPOINT WARNING * * *
You scratch Sigmund.
Sigmund is almost dead.
You scratch Sigmund.
Sigmund is almost dead.
Sigmund hits you with a +0 scythe!
You die...

#...........#
#...........#
#.#...$....#
#......!...#
####........#
#...........#
#...........#########
####....................
.......@.#.†...(........
####..@..#.....#.♣.♣.#..
#.....#####..........
#.....# #.♣.♣.♣.♣).
#.....# #...._.....
#...........♣.♣.♣.♣..
##########......)....
#..#.♣.♣.#..
#...........


You could see Sigmund.

Vanquished Creatures
  Robin (D:2)
  3 dart slugs (D:1)
  5 bats
  2 giant cockroaches (D:1)
  11 goblins
  9 hobgoblins
  2 jackals (D:1)
  2 ball pythons (D:1)
  2 kobolds
  5 rats (D:1)
42 creatures vanquished.

Notes
Turn   | Place    | Note
-------+----------+-------------------------------------------
     0 | D:1      | MisterFreud the Troll Monk began the quest for the Orb.
     0 | D:1      | Reached XP level 1. HP: 22/22 MP: 0/0
   203 | D:1      | Reached XP level 2. HP: 29/29 MP: 1/1
   343 | D:1      | Reached skill level 4 in Unarmed Combat
   484 | D:1      | Reached XP level 3. HP: 36/36 MP: 2/2
   586 | D:2      | Noticed Robin
   622 | D:2      | Killed Robin
   767 | D:2      | Found an iron altar of Okawaru.
   791 | D:2      | Noticed Sigmund
   803 | D:2      | Slain by Sigmund

Illustrated notes

Levels and vault maps discovered:
D:1:      dpeg_arrival_solitude, layout_loops_cross
D:2:      layout_basic, elyvilon_altar_3, okawaru_trees_1, uniq_sigmund,
          uniq_robin

Skill      XL: |  1  2 |
---------------+-------+-----
Unarmed Combat | 4 |  4.9
Fighting       | |  2.4
Dodging        | |  2.4
Stealth        | |  1.0

Action                   || total
-------------------------++-------
Melee: Unarmed           ||   109
       Punch             ||     1
 Stab: Sleeping          ||     2
Armor: Robe              ||    51
Dodge: Dodged            ||    51
